 Dungeon Crawl Stone Soup version 0.31-a0-162-gc4c5a43528 (webtiles) character file.

Game seed: 14418490387670286951

1442 qw the Skirmisher (level 8, -5/74 HPs)
             Began as a Naga Hunter on June 12, 2023.
             Slain by a steam dragon (6 damage)
             ... on level 6 of the Dungeon.
             The game lasted 00:01:37 (4303 turns).

qw the Skirmisher (Naga Hunter)                     Turns: 4303, Time: 00:01:37

Health: -5/74      AC:  6    Str: 19    XL:     8   Next: 74%
Magic:  8/8        EV: 10    Int: 10    God:
Gold:   278        SH:  0    Dex: 17    Spells: 7/7 levels left

rFire   . . .        Y - +0 orcbow (flame)
rCold   . . .        (shield currently unavailable)
rNeg    . . .        d - +2 robe {Archmagi}
rPois   +            o - +0 helmet
rElec   .            (no cloak)
rCorr   +            (no gloves)
SInv    +            (no barding)
Will    +....        a - amulet of faith
Stlth   ++           h - +6 ring of strength
HPRegen 0.32/turn    c - ring of resist corrosion
MPRegen 0.11/turn

%: faith, archmagi
@: about to teleport, very slow
A: AC +2, large, see invisible, deformed body, poison resistance, slowness 2,
spit poison 1, naga tail 1
a: Spit Poison


You were on level 6 of the Dungeon.
You visited 1 branch of the dungeon, and saw 6 of its levels.

You collected 278 gold pieces.


Innate Abilities, Weirdness & Mutations

Your serpentine skin is tough. (AC +2)
You have supernaturally acute eyesight. (SInv)
Armour fits poorly on your strangely shaped body.
Your system is resistant to poisons. (rPois)
You cover ground very slowly.
You can spit poison.
You have a snake-like lower body.


   Skills:
 - Level 5.0 Fighting
 - Level 9.1 Ranged Weapons
 + Level 2.6 Dodging
 - Level 1.5 Stealth


You had 7 spell levels left.
You didn't know any spells.
Your spell library was empty.

Inventory:

Hand Weapons
 Y - a +0 orcbow of flaming (weapon)
Armour
 d - a +2 robe of the Archmagi (worn)
 o - a +0 helmet (worn)
Jewellery
 a - an amulet of faith (around neck)
 c - a ring of resist corrosion (right hand)
 h - a +6 ring of strength (left hand)
Scrolls
 e - a scroll of identify
Potions
 b - 2 potions of might
 f - a potion of curing
 g - a potion of resistance
 j - 3 potions of haste
 l - a potion of heal wounds {unknown}
 n - a potion of attraction {unknown}
 p - a potion of degeneration {unknown}
 q - a potion of invisibility {unknown}

Dungeon Overview and Level Annotations

Branches:
Dungeon (6/15)             Temple (0/1) D:5

Altars:
Nemelex Xobeh
Ru
Wu Jian

Annotations:
D:3 1 runed translucent door, qw's ghost, amateur GrHu


Message History

Press: ? - help, Shift-Dir - straight line, f - steam dragon The splash of poison hits the steam dragon!
The steam dragon is poisoned.
The steam dragon is moderately wounded.
The steam dragon breathes steam at you. The ball of steam hits you!!
You shoot an arrow.
The arrow hits the steam dragon but does no damage.
The steam dragon is moderately wounded.
You are engulfed in a cloud of scalding steam.
The steam dragon barely misses you.
The steam dragon claws you but does no damage.
You shoot an arrow. The arrow hits the steam dragon.
The arrow burns the steam dragon.
The steam dragon is heavily wounded.
You are engulfed in a cloud of scalding steam.
An orc comes into view. It is wielding a +0 dagger.
The steam dragon misses you. The steam dragon closely misses you.
You shoot an arrow.
The arrow barely misses the steam dragon.
The orc shouts!
You are engulfed in a cloud of scalding steam.
The steam dragon misses you. The steam dragon barely misses you.
You shoot an arrow.
The arrow hits the steam dragon but does no damage.
The steam dragon is heavily wounded.
The steam dragon misses you. The steam dragon claws you.
The steam dragon bites you. The steam dragon claws you.
4302 ||| READING scroll of teleportation.
As you read the scroll of teleportation, it crumbles to dust.
You feel strangely unstable. The steam dragon breathes steam at you.
The ball of steam hits you!
You shoot an arrow. The arrow hits the steam dragon.
The arrow burns the steam dragon.
The steam dragon is severely wounded.
You are engulfed in a cloud of scalding steam.
You have got your breath back.
The steam dragon bites you.
You die...

..........
.........#
.........#
....%....
.........
.$.....o#
......D.#
#@###.###
#.###_..+
###.###.### #...#
####.#.###'#
#...........
######.....#.####
#.........##.#
#......##.# .#


You could see a steam dragon (poisoned, catching breath) and an orc.

Vanquished Creatures
  Sigmund (D:5)
  Eustachio (D:4)
  An ice beast (D:6)
  3 ogres
  A centaur (D:5)
  A phantom (D:4)
  2 bullfrogs
  An orc priest (D:5)
  3 hounds
  2 jellies (D:5)
  A sleepcap (D:4)
  Jessica (D:2)
  An iguana (D:5)
  3 orc wizards (D:5)
  4 gnolls (D:5)
  An adder (D:4)
  2 shadow imps (D:5)
  A white imp (D:6)
  2 ufetubi
  3 worms
  A dart slug (D:1)
  11 orcs
  A bat (D:2)
  7 endoplasms
  A giant cockroach (D:3)
  8 hobgoblins
  8 kobolds
  8 quokkas
  9 ball pythons
  A frilled lizard (D:1)
  5 goblins
  4 rats
99 creatures vanquished.

Notes
Turn   | Place    | Note
-------+----------+-------------------------------------------
     0 | D:1      | qw the Naga Hunter began the quest for the Orb.
     0 | D:1      | Reached XP level 1. HP: 19/19 MP: 1/1
     0 | D:1      | 0 ||| qw: Version: 0.2-a-29-gc1b59c4
     0 | D:1      | 0 ||| qw: Game counter: 4376
     0 | D:1      | 0 ||| qw: Always use a shield: true
     0 | D:1      | 0 ||| qw: God list: Okawaru
     0 | D:1      | 0 ||| qw: Allow faded altars: false
     0 | D:1      | 0 ||| qw: Do Orc after D:15 true
     0 | D:1      | 0 ||| qw: Do second Lair branch before Depths: true
     0 | D:1      | 0 ||| qw: Lair rune preference: random
     0 | D:1      | 0 ||| qw: Plans: Normal
     0 | D:1      | 0 ||| PLANNING D:1-11
    87 | D:1      | 87 ||| INVOKING Spit Poison.
   107 | D:1      | 107 ||| INVOKING Spit Poison.
   123 | D:1      | 123 ||| INVOKING Spit Poison.
   126 | D:1      | 126 ||| INVOKING Spit Poison.
   129 | D:1      | 129 ||| INVOKING Spit Poison.
   132 | D:1      | 132 ||| INVOKING Spit Poison.
   155 | D:1      | 155 ||| INVOKING Spit Poison.
   156 | D:1      | Reached skill level 4 in Ranged Weapons
   156 | D:1      | Reached XP level 2. HP: 26/26 MP: 2/2
   179 | D:1      | 179 ||| INVOKING Spit Poison.
   227 | D:1      | 227 ||| INVOKING Spit Poison.
   244 | D:1      | 244 ||| INVOKING Spit Poison.
   250 | D:1      | 250 ||| INVOKING Spit Poison.
   272 | D:1      | 272 ||| INVOKING Spit Poison.
   276 | D:1      | 276 ||| INVOKING Spit Poison.
   280 | D:1      | 280 ||| INVOKING Spit Poison.
   298 | D:1      | 298 ||| FLEEEEING.
   299 | D:1      | 299 ||| FLEEEEING.
   306 | D:1      | 306 ||| INVOKING Spit Poison.
   333 | D:1      | 333 ||| INVOKING Spit Poison.
   456 | D:1      | 456 ||| INVOKING Spit Poison.
   457 | D:1      | Reached XP level 3. HP: 32/32 MP: 3/3
   500 | D:1      | 500 ||| INVOKING Spit Poison.
   666 | D:1      | 666 ||| READING scroll labelled WOMOIG TEWK.
   667 | D:1      | 667 ||| READING 2 scrolls labelled GUMUH SAMARRAQ.
   668 | D:1      | 668 ||| DROPPING scroll of butterflies.
   685 | D:2      | 685 ||| INVOKING Spit Poison.
   690 | D:2      | 690 ||| INVOKING Spit Poison.
   693 | D:2      | 693 ||| STAIRDANCE
   695 | D:1      | 695 ||| INVOKING Spit Poison.
   699 | D:1      | 699 ||| INVOKING Spit Poison.
   814 | D:2      | Noticed Jessica
   818 | D:2      | 818 ||| INVOKING Spit Poison.
   821 | D:2      | Killed Jessica
   822 | D:2      | Reached skill level 5 in Ranged Weapons
   822 | D:2      | Reached XP level 4. HP: 17/39 MP: 4/4
  1071 | D:2      | 1071 ||| INVOKING Spit Poison.
  1075 | D:2      | Found a sparkling altar of Nemelex Xobeh.
  1252 | D:2      | 1252 ||| UPGRADING to amulet of faith.
  1257 | D:2      | 1257 ||| DROPPING amulet of guardian spirit.
  1258 | D:2      | 1258 ||| READING scroll labelled XYDIGH KIATINT.
  1262 | D:2      | 1262 ||| READING scroll labelled ETARGH KELECWA.
  1263 | D:2      | 1263 ||| READING 2 scrolls of identify.
  1263 | D:2      | 1263 ||| IDENTIFYING bubbling red potion
  1264 | D:2      | 1264 ||| DROPPING potion of berserk rage.
  1283 | D:3      | 1283 ||| INVOKING Spit Poison.
  1299 | D:3      | Found a faded altar of an unknown god.
  1312 | D:3      | 1312 ||| INVOKING Spit Poison.
  1318 | D:3      | 1318 ||| INVOKING Spit Poison.
  1382 | D:3      | 1382 ||| INVOKING Spit Poison.
  1385 | D:3      | 1385 ||| INVOKING Spit Poison.
  1403 | D:3      | Identified the +0 leather armour of Depression {Int+5
                  | Slay-6}
  1432 | D:3      | 1432 ||| INVOKING Spit Poison.
  1461 | D:3      | 1461 ||| INVOKING Spit Poison.
  1468 | D:3      | 1468 ||| INVOKING Spit Poison.
  1480 | D:3      | Noticed an ogre
  1481 | D:3      | 1481 ||| DROPPING +0 leather armour of Depression {Int+5
                  | Slay-6}.
  1482 | D:3      | 1482 ||| READING 2 scrolls of identify.
  1482 | D:3      | 1482 ||| IDENTIFYING white potion
  1485 | D:3      | 1485 ||| INVOKING Spit Poison.
  1487 | D:3      | Killed an ogre
  1488 | D:3      | Reached skill level 3 in Fighting
  1488 | D:3      | Reached XP level 5. HP: 20/50 MP: 5/5
  1670 | D:3      | 1670 ||| INVOKING Spit Poison.
  1728 | D:3      | Found a runed translucent door.
  1737 | D:3      | Noticed qw's ghost (amateur GrHu)
  1780 | D:3      | 1780 ||| INVOKING Spit Poison.
  2032 | D:3      | 2032 ||| READING scroll labelled GITRACR RATZUX.
  2055 | D:4      | 2055 ||| INVOKING Spit Poison.
  2097 | D:4      | Noticed a phantom
  2105 | D:4      | Killed a phantom
  2106 | D:4      | Reached XP level 6. HP: 53/57 MP: 6/6
  2184 | D:4      | Found an ornate altar of the Wu Jian Council.
  2225 | D:4      | 2225 ||| INVOKING Spit Poison.
  2231 | D:4      | 2231 ||| INVOKING Spit Poison.
  2269 | D:4      | 2269 ||| SWAPPING to +0 orcbow.
  2270 | D:4      | 2270 ||| DROPPING +0 shortbow.
  2393 | D:4      | 2393 ||| INVOKING Spit Poison.
  2395 | D:4      | Noticed Eustachio
  2398 | D:4      | 2398 ||| INVOKING Spit Poison.
  2403 | D:4      | 2403 ||| INVOKING Spit Poison.
  2422 | D:4      | 2422 ||| INVOKING Spit Poison.
  2507 | D:4      | 2507 ||| INVOKING Spit Poison.
  2514 | D:4      | 2514 ||| INVOKING Spit Poison.
  2517 | D:4      | Killed Eustachio
  2518 | D:4      | Reached skill level 6 in Ranged Weapons
  2573 | D:4      | 2573 ||| INVOKING Spit Poison.
  2577 | D:4      | Reached XP level 7. HP: 62/66 MP: 7/7
  2577 | D:4      | 2577 ||| INVOKING Spit Poison.
  2619 | D:4      | 2619 ||| INVOKING Spit Poison.
  2629 | D:4      | Identified the +3 war axe "Suqequty" {heavy, +Blink rF+}
  2726 | D:4      | 2726 ||| INVOKING Spit Poison.
  2800 | D:4      | Identified the +9 whip of Upheaval {speed, rPois rN+ Str-2}
  2948 | D:4      | 2948 ||| INVOKING Spit Poison.
  2953 | D:4      | 2953 ||| INVOKING Spit Poison.
  3078 | D:4      | 3078 ||| UPGRADING to +2 robe of the Archmagi.
  3088 | D:4      | 3088 ||| DROPPING +0 leather armour.
  3089 | D:4      | 3089 ||| UPGRADING to +0 helmet.
  3094 | D:4      | 3094 ||| UPGRADING to +6 ring of strength.
  3095 | D:4      | 3095 ||| READING scroll labelled WEOL RAENALO.
  3096 | D:4      | 3096 ||| DRINKING 2 golden potions.
  3100 | D:5      | Entered Level 5 of the Dungeon
  3168 | D:5      | 3168 ||| INVOKING Spit Poison.
  3172 | D:5      | 3172 ||| INVOKING Spit Poison.
  3220 | D:5      | 3220 ||| INVOKING Spit Poison.
  3223 | D:5      | 3223 ||| INVOKING Spit Poison.
  3264 | D:5      | Noticed Sigmund
  3265 | D:5      | 3265 ||| INVOKING Spit Poison.
  3268 | D:5      | 3268 ||| DRINKING potion of curing.
  3268 | D:5      | 3268 ||| (to cure confusion)
  3269 | D:5      | 3269 ||| INVOKING Spit Poison.
  3273 | D:5      | 3273 ||| INVOKING Spit Poison.
  3278 | D:5      | 3278 ||| INVOKING Spit Poison.
  3278 | D:5      | Killed Sigmund
  3279 | D:5      | Reached skill level 7 in Ranged Weapons
  3300 | D:5      | 3300 ||| INVOKING Spit Poison.
  3304 | D:5      | 3304 ||| INVOKING Spit Poison.
  3308 | D:5      | 3308 ||| INVOKING Spit Poison.
  3309 | D:5      | Reached XP level 8. HP: 52/73 MP: 8/8
  3394 | D:5      | 3394 ||| INVOKING Spit Poison.
  3487 | D:5      | 3487 ||| INVOKING Spit Poison.
  3587 | D:5      | Found a staircase to the Ecumenical Temple.
  3588 | D:5      | 3588 ||| PLANNING TEMPLE
  3709 | D:5      | 3709 ||| INVOKING Spit Poison.
  3710 | D:5      | Reached skill level 8 in Ranged Weapons
  3715 | D:5      | 3715 ||| INVOKING Spit Poison.
  3732 | D:5      | 3732 ||| INVOKING Spit Poison.
  3771 | D:5      | 3771 ||| INVOKING Spit Poison.
  3774 | D:5      | 3774 ||| INVOKING Spit Poison.
  3780 | D:5      | 3780 ||| INVOKING Spit Poison.
  3784 | D:5      | 3784 ||| INVOKING Spit Poison.
  3788 | D:5      | 3788 ||| INVOKING Spit Poison.
  3931 | D:5      | 3931 ||| INVOKING Spit Poison.
  3937 | D:5      | 3937 ||| INVOKING Spit Poison.
  4126 | D:5      | 4126 ||| UPGRADING to ring of resist corrosion.
  4127 | D:5      | 4127 ||| READING scroll labelled RAHIYMA IHAOQ.
  4128 | D:5      | 4128 ||| READING scroll labelled POKHIX ISEOXTO.
  4129 | D:5      | 4129 ||| READING scroll labelled ZOSKA WUOTIJ.
  4130 | D:5      | 4130 ||| READING 3 scrolls of identify.
  4130 | D:5      | 4130 ||| IDENTIFYING purple potion
  4131 | D:5      | 4131 ||| READING 2 scrolls of identify.
  4131 | D:5      | 4131 ||| IDENTIFYING bubbling blue potion
  4132 | D:5      | 4132 ||| DROPPING potion of brilliance.
  4242 | D:6      | 4242 ||| INVOKING Spit Poison.
  4246 | D:6      | 4246 ||| INVOKING Spit Poison.
  4252 | D:6      | 4252 ||| INVOKING Spit Poison.
  4270 | D:6      | 4270 ||| STAIRDANCE
  4285 | D:6      | 4285 ||| INVOKING Spit Poison.
  4291 | D:6      | 4291 ||| INVOKING Spit Poison.
  4293 | D:6      | Reached skill level 9 in Ranged Weapons
  4293 | D:6      | Found a sacrificial altar of Ru.
  4297 | D:6      | 4297 ||| INVOKING Spit Poison.
  4301 | D:6      | HP: 18/74 [steam dragon (1)]
  4302 | D:6      | 4302 ||| READING scroll of teleportation.
  4302 | D:6      | HP: 6/74 [steam dragon/ball of steam (12)]
  4303 | D:6      | HP: 1/74 [steam dragon] (5)]
  4303 | D:6      | Slain by a steam dragon

Levels and vault maps discovered:
D:1:      dpeg_arrival_castle, layout_basic, roderic_st_hans_cross,
          dk_noncrumbling_4
D:2:      layout_rooms, basic_altar, minmay_misc_feat_rugged, uniq_jessica
D:3:      layout_basic, hellmonk_ecumenical_altar_crossroads,
          ebering_ghost_sewer_d, item_on_display_b
D:4:      layout_basic, pdpol_wu_jian_five_deadly_venoms, uniq_eustachio
D:5:      layout_basic, minmay_temple_entry_from_below_b, minmay_circle_x,
          uniq_sigmund
D:6:      layout_rooms, dk_xom_monty_hall, lemuel_doored_altar,
          uniq_crazy_yiuf_cottage

Skill      XL: |  1  2  3  4  5  6  7  8 |
---------------+-------------------------+-----
Ranged Weapons | 4 5 6 7 9 |  9.1
Fighting       | 3 4 5 |  5.0
Dodging        | 2 |  2.6
Stealth        | |  1.5

Action                     |  1- 3 |  4- 6 |  7- 9 || total
---------------------------+-------+-------+-------++-------
   Fire: Shortbow          |    56 |    46 |       ||   102
         Orcbow            |       |    41 |   131 ||   172
Ability: Spit Poison       |    23 |    22 |    34 ||    79
    Use: Scroll            |     2 |     5 |     7 ||    14
         Potion            |       |       |     2 ||     2
 Armour: Leather armour    |     1 |    22 |     2 ||    25
         Robe              |       |       |    13 ||    13
  Dodge: Dodged            |     9 |    27 |    34 ||    70

Table legend:
 A = Non-vault XP
 B = Vault XP
 C = Vault XP percentage of total XP
 D = Non-vault monster count
 E = Vault monster count
 F = Vault count percentage of total count
                 A         B        C        D         E       F
            +---------+---------+-------+---------+---------+-------
      Total |    1586 |     475 |  23.0 |      94 |       5 |   5.1
            +---------+---------+-------+---------+---------+-------
        D:1 |      42 |       0 |   0.0 |      25 |       0 |   0.0
        D:2 |      13 |      37 |  74.0 |       7 |       1 |  12.5
        D:3 |     145 |       0 |   0.0 |      13 |       0 |   0.0
        D:4 |     272 |     208 |  43.3 |      15 |       1 |   6.2
        D:5 |     816 |     230 |  22.0 |      24 |       3 |  11.1
        D:6 |     298 |       0 |   0.0 |      10 |       0 |   0.0
            +---------+---------+-------+---------+---------+-------
